 Dungeon Crawl Stone Soup version 0.17.1-1-g73c8601 (webtiles) character file.

494 hccc the Covert (level 6, -3/46 HPs)
             Began as a Vampire Assassin on Apr 27, 2016.
             Slain by a spider (7 damage)
             ... on level 6 of the Dungeon.
             The game lasted 00:32:44 (4075 turns).

hccc the Covert (Vampire Assassin)                  Turns: 4075, Time: 00:32:44

Health: -3/46      AC:  5    Str: 10    XL:     6   Next: 92%
Magic:  5/5        EV: 13    Int: 13    God:
Gold:   186        SH:  0    Dex: 18    Spells: 0 memorised, 5 levels left

rFire  + . .     SeeInvis +     a - +3 dagger
rCold  . . .     Clarity  .     c - +0 robe
rNeg   + . .     SustAt   +     (no shield)
rPois  .         Gourm    .     (no helmet)
rElec  .         Spirit   .     d - +0 cloak
rCorr  .         Warding  .     w - +1 pair of gloves
rMut   .         Stasis   .     (no boots)
MR     .....                    (no amulet)
Stlth  +++++.....               t - +1 ring of slaying
                                o - ring of sustain attributes

@: not resistant to hostile enchantments, quite stealthy
A: fangs 3, hooves 1, see invisible, fire resistance 1, low mp 1, unbreathing
a: Bat Form


You were on level 6 of the Dungeon.
You were not thirsty.

You visited 1 branch of the dungeon, and saw 7 of its levels.

You collected 214 gold pieces.
You spent 28 gold pieces at shops.

Inventory:

Hand Weapons
 a - a +3 dagger (weapon)
 b - a +0 blowgun
 i - a +2 short sword of electrocution
 p - a +0 rapier
Missiles
 e - 18 poisoned needles
 f - 2 curare-tipped needles
Armour
 c - a +0 robe (worn)
 d - a +0 cloak (worn)
 w - a +1 pair of gloves (worn)
Jewellery
 k - an uncursed ring of invisibility {unknown}
 o - a ring of sustain attributes (left hand)
 t - a +1 ring of slaying (right hand)
 x - an uncursed amulet of stasis
 A - an uncursed ring of loudness
Wands
 j - a wand of polymorph (1)
 m - a wand of flame (15)
Scrolls
 h - 4 scrolls of identify
 l - 4 scrolls of remove curse
 q - 3 scrolls of recharging
 r - a scroll of enchant armour
 y - a scroll of noise
Potions
 g - 7 potions of blood
 B - 3 potions of might
Books
 C - a book of Summonings

   Spells                             Type                      Level
   a - Recall                         Summoning/Translocation      3
   b - Aura of Abjuration             Summoning                    5
   c - Shadow Creatures               Summoning                    5
   d - Summon Demon                   Summoning                    5
   e - Summon Forest                  Summoning/Translocation      5
   f - Summon Mana Viper              Hexes/Summoning              5


   Skills:
 + Level 2.6 Fighting
 + Level 3.0 Short Blades
 - Level 1.5 Throwing
 + Level 2.7 Dodging
 * Level 11.1 Stealth


You had 5 spell levels left.
You didn't know any spells.

Dungeon Overview and Level Annotations

Branches:
Dungeon (7/15)
 Temple: D:4-7

Altars:
Ashenzari
Fedhas
Nemelex Xobeh
Ru
Xom
The Shining One

Shops:
D:4 *

Annotations:
D:6 Eustachio, Menkaure


Innate Abilities, Weirdness & Mutations

You have razor-sharp teeth.
You have supernaturally acute eyesight.
You can survive without breathing.
You have large cloven feet.
Your flesh is heat resistant.
Your magical capacity is low (-10% MP).


Message History

The spider barely misses you.
Press: ? - help, v - describe, . - travel, g - get item
Here: a spider (clinging)
A giant club.
An open door.
Drink which item? (? for menu, Esc to quit)
Okay, then.
Read which item? (? for menu, Esc to quit)
Okay, then.
Evoke which item? (* to show all) (? for menu, Esc to quit)
Okay, then.
Evoke which item? (* to show all) (? for menu, Esc to quit)
Zapping:
m - a wand of flame {zapped: 3} (will waste charges)
Press: ? - help, Shift-Dir - straight line, f/p - spider
Aim: a spider (clinging)
The puff of flame hits the spider.
The spider is lightly wounded.
Evoking this partially-identified wand wasted a few charges.
The spider bites you!
You die...

### #.## ... ....#
####.# ##....
##..#'#..##.. ....
#......#._@sZ'...#.#
....
#..Z...##.##.##.##.#
.... #......
###.#.###..# ....
+.....
...#......####....
#..>.
+..###........+....
...
##......#####.#....
#+# ##.##..#......#
# #<# # ##.#.####.#
# ### #.#... #.# ##


You could see a spider and an adder skeleton.

Vanquished Creatures
  Edmund (D:4)
  An ogre (D:5)
  A jelly (D:5)
  2 iguanas (D:5)
  2 worker ants (D:5)
  2 orc wizards (D:5)
  2 adders
  4 oozes
  2 worms
  6 orcs
  6 bats
  3 giant cockroaches
  7 hobgoblins
  5 jackals
  3 quokkas
  5 giant newts
  9 goblins
  A jackal skeleton (D:5)
  A jackal zombie (D:5)
  11 kobolds
  A quokka zombie (D:5)
  8 rats
83 creatures vanquished.

Notes
Turn   | Place    | Note
--------------------------------------------------------------
     0 | D:1      | hccc the Vampire Assassin began the quest for the Orb.
     0 | D:1      | Reached XP level 1. HP: 16/16 MP: 1/1
    29 | D:1      | Reached skill level 6 in Stealth
   199 | D:1      | Reached XP level 2. HP: 9/22 MP: 2/2
   215 | D:1      | Gained mutation: Your flesh is heat resistant. [potion of mutation]
   215 | D:1      | Gained mutation: Your magical capacity is low (-10% MP). [potion of mutation]
   215 | D:1      | Gained mutation: You have large cloven feet. [potion of mutation]
   333 | D:1      | Reached skill level 7 in Stealth
   431 | D:1      | Reached XP level 3. HP: 27/27 MP: 2/2
   974 | D:2      | Found a shattered altar of Ashenzari.
   976 | D:2      | Found a blossoming altar of Fedhas.
  1936 | D:3      | Found a glowing golden altar of the Shining One.
  1959 | D:3      | Reached XP level 4. HP: 33/33 MP: 3/3
  2018 | D:3      | You fall through a shaft!
  2276 | D:5      | Entered Level 5 of the Dungeon
  2284 | D:5      | Reached skill level 8 in Stealth
  2371 | D:4      | Noticed Edmund
  2402 | D:4      | Killed Edmund
  2402 | D:4      | Reached skill level 9 in Stealth
  2402 | D:4      | Reached XP level 5. HP: 38/38 MP: 4/4
  2504 | D:4      | Found Nuroseich's General Store.
  2510 | D:4      | Bought a scroll of identify for 28 gold pieces
  3194 | D:5      | Found a blossoming altar of Fedhas.
  3269 | D:5      | Reached skill level 10 in Stealth
  3269 | D:5      | Reached XP level 6. HP: 44/44 MP: 5/5
  3386 | D:5      | Noticed an ogre
  3435 | D:5      | Killed an ogre
  3613 | D:5      | Found a sacrificial altar of Ru.
  3687 | D:6      | Noticed Eustachio
  3695 | D:6      | Found a shimmering altar of Xom.
  3710 | D:6      | Noticed Menkaure
  3731 | D:5      | Reached skill level 11 in Stealth
  3767 | D:5      | Noticed a phantom
  4027 | D:6      | Found a sparkling altar of Nemelex Xobeh.
  4065 | D:6      | Noticed an ogre
  4074 | D:6      | an ogre changed into a spider
  4075 | D:6      | Slain by a spider

Action                   |  1- 3 |  4- 6 || total
-------------------------+-------+-------++-------
Melee: Dagger            |   143 |    70 ||   213
 Fire: Blowgun           |       |    52 ||    52
 Abil: End Transformatio |     1 |    11 ||    12
       Bat Form          |     1 |    11 ||    12
Evoke: Wand              |       |     6 ||     6
  Use: Potion            |     3 |    10 ||    13
       Scroll            |       |     9 ||     9
 Stab: Sleeping          |    28 |    10 ||    38
       Distracted        |       |     1 ||     1
  Eat: Corpse            |     4 |     4 ||     8
